 Dungeon Sprint DCSS version 0.19-a0-895-gdbd5520 (webtiles) character file.

7304 LORDOFBUTT the Tortoise (level 10, 40/111 HPs)
             Began as a Minotaur Fighter on July 4, 2016.
             Was an Initiate of Gozag.
             Quit the game in the Dungeon (Sprint V: "Ziggurat Sprint").
             The game lasted 00:06:01 (747 turns).

LORDOFBUTT the Tortoise (Minotaur Fighter)           Turns: 747, Time: 00:06:02

Health: 40/111     AC: 26    Str: 20    XL:     10   Next: 90%
Magic:  11/11      EV:  5    Int:  5    God:    Gozag
Gold:   322        SH:  0    Dex: 30    Spells: 0 memorised, 9 levels left

rFire  + . .     SeeInvis +     K - +14 obsidian axe {chop, +Fly SInv *Curse} (curse)
rCold  + . .     Gourm    .     c - +5 gold dragon armour
rNeg   . . .     Faith    .     (no shield)
rPois  +         Spirit   .     (helmet restricted)
rElec  .         Dismiss  .     (no cloak)
rCorr  .         Reflect  .     (no gloves)
SustAt .         Harm     .     (no boots)
MR     +....     NoTele   +     a - amulet "Juac" {RegenMP *Drain MR+ Dex+4 Stlth+}
Stlth  ..........               E - +6 ring of dexterity
                                D - +6 ring of dexterity

@: exhausted, gold aura, mesmerised, slowed, very slow, somewhat resistant to
hostile enchantments, extremely unstealthy
A: retaliatory headbutt, horns 2
a: Potion Petition, Call Merchant, Bribe Branch, Renounce Religion, Evoke Flight


You were in the Dungeon.
You worshipped Gozag.
Gozag was noncommittal.
You were hungry.

You visited 1 branch You collected 322 gold pieces.

Inventory:

Hand Weapons
 K - the cursed +14 obsidian axe (weapon) {chop, +Fly SInv *Curse}
   (You found it in the Dungeon)

   It inflicts extra damage upon your enemies.
   It lets you see invisible.
   It lets you fly.
   It may re-curse itself when equipped.
   It has a curse placed upon it.
Armour
 c - a +5 gold dragon armour (worn)
Jewellery
 a - the amulet "Juac" (around neck) {RegenMP *Drain MR+ Dex+4 Stlth+}
   (You found it in the Dungeon)

   [amulet of magic regeneration]

   It increases your magic regeneration.
   It affects your dexterity (+4).
   It affects your resistance to hostile enchantments.
   It causes draining when unequipped.
   It makes you more stealthy.
 b - an uncursed ring of protection from fire
 D - a +6 ring of dexterity (left hand)
 E - a +6 ring of dexterity (right hand)
 H - the ring of the Good {Ice MP+9 Int+4}
   (You found it in the Dungeon)

   [ring of ice]

   It enhances your ice magic, and weakens your fire magic.
   It affects your intelligence (+4).
   It makes you vulnerable to fire.
   It protects you from cold.
   It affects your magic capacity (+9).
 J - the amulet "Qojuuq" {Harm *Drain MR+ Int+6 Slay-4}
   (You found it in the Dungeon)

   [amulet of harm]

   It increases damage dealt and taken.
   It affects your intelligence (+6).
   It affects your accuracy and damage with ranged weapons and melee attacks
   (-4).
   It affects your resistance to hostile enchantments.
   It causes draining when unequipped.
Wands
 y - a wand of disintegration (7/24)
 A - a wand of iceblast (5/15)
 B - a wand of lightning (4/15)
 C - a wand of acid (5/15)
 F - a wand of heal wounds (2/9)
Scrolls
 k - 4 scrolls of blinking
 q - 4 scrolls of amnesia
 r - 3 scrolls of recharging
 s - 7 scrolls of fog
 t - a scroll of holy word
 u - 5 scrolls of identify
 v - 5 scrolls of remove curse
 w - 2 scrolls of fear
 G - 2 scrolls of brand weapon
Potions
 d - 6 potions of might
 e - 10 potions of curing
 g - 7 potions of heal wounds
 h - 6 potions of haste
 i - 7 potions of magic
 j - a potion of berserk rage
 l - 2 potions of brilliance
 m - 2 potions of invisibility
 n - 4 potions of resistance
 o - a potion of experience
 p - 5 potions of agility
Miscellaneous
 I - a phial of floods
Comestibles
 f - 5 bread rations
 x - 42 fruits
 z - 4 meat rations


   Skills:
 + Level 17.2 Fighting
 + Level 16.8 Axes
 + Level 17.5 Armour
   Level 3.6 Shields
 * Level 3.8 Evocations


You had 9 spell levels left.
You didn't know any spells.

Dungeon Overview and Level Annotations

Branches:
Dungeon (1/1)

Altars:
Ashenzari
Cheibriados
Dithmenos
Elyvilon
Fedhas
Gozag
Hepliaklqana
Kikubaaqudgha
Makhleb
Nemelex Xobeh
Okawaru
Pakellas
Qazlal
Ru
Sif Muna
Trog
Uskayaw
Vehumet
Xom
Yredelemnul
Zin
The Shining One
Beogh
Jiyva
Lugonu


Innate Abilities, Weirdness & Mutations

You reflexively headbutt those who attack you in melee.
You have a pair of horns on your head.


Message History

The iguana hisses angrily. x2
The spiny frog gives a loud, deep croak!
The iguana hisses angrily.
The iguana is distracted by your gold. x2
Found nine items.
Visions of slaying the sheep flood into your mind.
The spiny frog is distracted by your gold. x2
The iguana is distracted by your gold.
The sheep "Baaaas" balefully.
Visions of slaying the iguana flood into your mind.
The spiny frog is no longer distracted by gold.
The iguana is no longer distracted by gold. x2
The spiny frog is no longer distracted by gold.
The iguana is no longer distracted by gold.
The sheep bites you!
The iguana bites you but does no damage.
The spiny frog barely misses you. The iguana is distracted by your gold.
The sheep barely misses you. The iguana completely misses you.
You furiously retaliate!
You headbutt the iguana.
Are you sure you want to abandon this character and quit the game? (Confirm with "yes".)

▓.........▓.).....▓
▓▓▓▓▓▓▓▓▓▓▓▓▓▓▓▓▓▓▓
▓...8©8...▓
▓..)[)):..▓
▓...|:::..▓
▓.....ll..▓
▓...YFl...▓
▓...FYl...▓
▓...l@....▓
▓.▓.....▓.▓
▓.........▓
▓▓▓▓▓▓▓▓▓▓▓


You could see a komodo dragon, 2 spiny frogs, 4 iguanas and 2 sheep.

Vanquished Creatures
  A deep elf sorcerer (D)
  3 spriggans (D)
  2 ugly things (D)
  A black mamba (shapeshifter) (D)
  A rime drake (shapeshifter) (D)
  2 komodo dragons (shapeshifter) (D)
  A wind drake (shapeshifter) (D)
  A basilisk (shapeshifter) (D)
  A golden eye (shapeshifter) (D)
  3 hippogriffs (D)
  2 wasps (D)
  4 black bears (D)
  A necrophage (D)
  An eye of draining (D)
  A centaur (D)
  2 jellies (D)
  3 iguanas (D)
  4 mummies (D)
  2 oozes (D)
  2 ufetubi (D)
  A jackal (D)
  A jackal zombie (D)
  A quokka skeleton (D)
41 creatures vanquished.

Vanquished Creatures (collateral kills)
  A deep elf archer (D)
  A deep elf mage (D)
  2 merfolk (D)
  A neqoxec (D)
5 creatures vanquished.

Vanquished Creatures (others)
  A dancing weapon (D)
  A spatial maelstrom (D)
2 creatures vanquished.

Grand Total: 48 creatures vanquished

Notes
Turn   | Place    | Note
-------+----------+-------------------------------------------
     0 | D        | LORDOFBUTT the Minotaur Fighter began the quest for the Orb.
     0 | D        | Reached XP level 1. HP: 19/19 MP: 0/0
     0 | D        | Found a blossoming altar of Fedhas.
     0 | D        | Found a viscous altar of Jiyva.
     0 | D        | Found a snail-covered altar of Cheibriados.
     0 | D        | Found a roughly hewn altar of Beogh.
     0 | D        | Found a corrupted altar of Lugonu.
     0 | D        | Found a white marble altar of Elyvilon.
     0 | D        | Found a shimmering altar of Xom.
     2 | D        | Found a deep blue altar of Sif Muna.
     2 | D        | Found a burning altar of Makhleb.
     2 | D        | Found a bloodstained altar of Trog.
     2 | D        | Found an iron altar of Okawaru.
     2 | D        | Found a sparkling altar of Nemelex Xobeh.
     2 | D        | Found a radiant altar of Vehumet.
    12 | D        | Banished a spatial maelstrom
    44 | D        | Became a worshipper of Gozag Ym Sagoz the Greedy
   158 | D        | Entered arena 1.
   161 | D        | Reached skill level 5 in Fighting
   161 | D        | Reached skill level 5 in Armour
   161 | D        | Reached XP level 2. HP: 21/29 MP: 1/1
   173 | D        | Entered arena 2.
   173 | D        | Noticed a necrophage
   177 | D        | Killed a necrophage
   177 | D        | Reached XP level 3. HP: 31/40 MP: 2/2
   177 | D        | Reached XP level 4. HP: 37/48 MP: 3/3
   195 | D        | Entered arena 3.
   200 | D        | Reached XP level 5. HP: 45/56 MP: 4/4
   200 | D        | Reached skill level 5 in Axes
   211 | D        | Got the amulet "Juac" {RegenMP *Drain MR+ Dex+4 Stlth+}
   263 | D        | Entered arena 4.
   289 | D        | Entered arena 5.
   289 | D        | Noticed an eye of draining
   291 | D        | Reached skill level 10 in Fighting
   291 | D        | Reached skill level 10 in Armour
   292 | D        | Reached XP level 6. HP: 62/67 MP: 5/5
   308 | D        | Entered arena 6.
   308 | D        | Noticed a hippogriff
   308 | D        | Noticed a merfolk
   308 | D        | Noticed a hippogriff
   308 | D        | Noticed a hippogriff
   308 | D        | Noticed a merfolk
   309 | D        | Identified the +4 great mace of Dismay {drain, Dex+3}
   314 | D        | Killed a hippogriff
   314 | D        | Reached XP level 7. HP: 36/75 MP: 6/6
   316 | D        | Killed a hippogriff
   316 | D        | Reached skill level 10 in Axes
   318 | D        | Killed a hippogriff
   319 | D        | Killed a merfolk
   322 | D        | Killed a merfolk
   322 | D        | Reached XP level 8. HP: 17/86 MP: 7/7
   609 | D        | Entered arena 7.
   609 | D        | Noticed a deep elf sorcerer
   609 | D        | Noticed a deep elf archer
   609 | D        | Noticed a salamander
   609 | D        | Noticed a mace of venom
   609 | D        | Noticed a deep elf mage
   616 | D        | Noticed a komodo dragon
   616 | D        | a salamander changed into a komodo dragon
   618 | D        | Killed a deep elf sorcerer
   618 | D        | Reached skill level 15 in Fighting
   618 | D        | Reached XP level 9. HP: 31/97 MP: 8/8
   619 | D        | Killed a mace of venom
   619 | D        | Reached skill level 15 in Armour
   619 | D        | Killed a deep elf mage
   620 | D        | HP: 5/100 [deep elf archer/arrow (5)]
   621 | D        | Killed a komodo dragon
   626 | D        | HP: 2/100 [poisoned by a mace of venom]
   629 | D        | Killed a deep elf archer
   629 | D        | Reached skill level 15 in Axes
   629 | D        | Reached XP level 10. HP: 24/107 MP: 9/9
   652 | D        | Got the ring of the Good {Ice MP+9 Int+4}
   658 | D        | Entered arena 8.
   658 | D        | Noticed a spriggan rider
   658 | D        | Noticed a spriggan rider
   664 | D        | Killed a spriggan rider
   719 | D        | Entered arena 9.
   719 | D        | Noticed an orb spider
   719 | D        | Noticed a purple ugly thing
   719 | D        | Noticed a red ugly thing
   719 | D        | Noticed a spiny frog
   719 | D        | Noticed a black mamba
   719 | D        | a basilisk changed into a black mamba
   721 | D        | a spiny frog changed into a wind drake
   725 | D        | Killed a black mamba
   725 | D        | Reached skill level 1 in Evocations
   727 | D        | Killed a red ugly thing
   733 | D        | Killed a purple ugly thing
   735 | D        | an orb spider changed into a komodo dragon
   743 | D        | Got the amulet "Qojuuq" {Harm *Drain MR+ Int+6 Slay-4}
   744 | D        | Entered arena 10.
   744 | D        | Noticed a spiny frog
   744 | D        | Noticed a spiny frog
   747 | D        | Quit the game

Vault maps used:
D:        sprint_v

Skill      XL: |  1  2  3  4  5  6  7  8  9 10 |
---------------+-------------------------------+-----
Fighting       | 5 7 8 10 11 13 15 16 17 | 17.2
Armour         | 5 7 8 10 11 12 14 15 17 | 17.5
Axes           | 4 7 9 11 13 15 16 | 16.8
Evocations     | 3 |  3.8
Shields        | |  3.6

Action                   |  1- 3 |  4- 6 |  7- 9 | 10-12 || total
-------------------------+-------+-------+-------+-------++-------
Melee: Broad axe         |     5 |    18 |    14 |    16 ||    53
       Headbutt          |     1 |     7 |     6 |     5 ||    19
Evoke: Wand              |       |       |     1 |     1 ||     2
       Phial of floods   |       |       |       |     1 ||     1
  Use: Potion            |       |       |     1 |     4 ||     5
Armor: Gold dragon armou |     7 |    27 |    39 |    14 ||    87
Dodge: Dodged            |       |     5 |     9 |     5 ||    19
